Map: Oxide LE

Players

Maru - Winner!

  • Race: Terran Terran
  • Spawn Location: 1:00

Rogue

  • Race: Zerg Zerg
  • Spawn Location: 7:00

Event: IEM Katowice 2021

VOD

Have the link to the VOD?

Description

Time

  • Played on: Feb. 27, 2021, 10:12 a.m.
  • Length: 7:12

All games in this series

Show
View Real Time Build Order
Export as new Build Order

Maru Terran - Winner!

Build Orders: Liberator Opening 

Get SALT Encoding   

  12  0:00  SCV  
  13  0:12  SCV  
  14  0:17  Supply Depot  
  14  0:24  SCV  
  15  0:38  SCV  
  15  0:39  Barracks  
  15  0:42  Refinery  
  16  0:50  SCV  
  17  1:02  SCV  
  18  1:14  SCV  
  19  1:26  Marine, Orbital Command  
  20  1:38  Command Center  
  20  1:50  Factory  
  20  1:53  SCV  
  21  2:01  Barracks Reactor  
  21  2:05  SCV  
  22  2:08  Supply Depot  
  22  2:15  Refinery  
  22  2:17  SCV  
  23  2:30  SCV  
  23  2:37  Marine x2  
  24  2:38  Hellion  
  24  2:39  Starport  
  24  2:42  SCV  
  29  2:50  Orbital Command  
  29  2:54  SCV  
  29  2:56  Marine x2  
  32  3:01  Widow Mine  
  34  3:06  SCV  
  34  3:10  Supply Depot  
  35  3:15  Medivac  
  35  3:18  SCV  
  38  3:28  Marine  
  38  3:29  Hellion x2  
  38  3:31  SCV  
  38  3:32  SCV  
  45  3:35  Supply Depot  
  45  3:43  SCV  
  45  3:45  SCV  
  45  3:48  Liberator  
  50  3:52  Hellion  
  50  3:53  Hellion  
  54  3:58  Barracks Tech Lab  
  54  3:59  Supply Depot  
  54  4:02  SCV  
  55  4:07  SCV  
  56  4:14  SCV  
  57  4:20  SCV  
  57  4:22  Command Center  
  58  4:26  SCV  
  57  4:32  SCV  
  57  4:33  Stimpack, Marine  
  57  4:38  SCV, Factory Reactor  
  59  4:45  SCV  
  61  4:51  SCV  
  62  4:57  SCV, Barracks  
  62  4:58  Barracks  
  61  5:03  SCV  
  52  5:09  SCV  
  52  5:11  Engineering Bay x2, Refinery  
  49  5:15  SCV  
  49  5:21  SCV, Engineering Bay  
  51  5:22  Starport Reactor  
  51  5:26  Factory Tech Lab  
  51  5:27  SCV  
  52  5:28  Marine  
  52  5:30  Barracks x2  
  52  5:33  SCV  
  52  5:34  Orbital Command  
  54  5:39  SCV  
  55  5:45  SCV  
  55  5:48  Marine x3, Siege Tank  
  62  5:51  SCV, Marine x2  
  62  5:54  Refinery  
  65  5:57  SCV  
  65  5:58  Medivac x2, Orbital Command  
  65  6:03  SCV  
  71  6:04  Supply Depot  
  71  6:09  SCV, Marine  
  71  6:10  Marine x4  
  77  6:14  Supply Depot  
  77  6:15  SCV  
  78  6:19  Barracks Reactor  
  78  6:20  Barracks Reactor  
  78  6:21  SCV  
  78  6:24  SCV  
  80  6:27  SCV, Marine x2  
  83  6:33  SCV  
  83  6:36  Marine x3  
  78  6:42  SCV x2  
  78  6:45  Marine x2  
  82  6:53  Marine  
  82  6:54  Marine x2  
Show
View Real Time Build Order
Export as new Build Order

Rogue Zerg 

Build Orders: Hatch First 

Get SALT Encoding   

  12  0:00  Drone  
  13  0:12  Overlord  
  13  0:16  Drone  
  14  0:30  Drone x2  
  16  0:47  Hatchery  
  15  0:50  Drone  
  15  0:53  Drone  
  15  0:57  Drone  
  18  1:07  Extractor  
  17  1:12  Spawning Pool  
  17  1:15  Drone  
  17  1:18  Drone  
  18  1:28  Drone  
  19  1:39  Drone  
  20  1:49  Drone  
  21  1:58  Queen  
  21  1:59  Zergling x2, Queen  
  21  2:00  Zergling x2  
  27  2:10  Overlord  
  27  2:12  Drone  
  28  2:19  Hatchery  
  27  2:23  Drone  
  28  2:31  Drone x2  
  28  2:32  Drone  
  31  2:37  Queen  
  31  2:42  Overlord  
  33  2:48  Drone  
  33  2:49  Metabolic Boost  
  34  2:54  Drone  
  34  2:56  Drone  
  36  3:07  Drone  
  36  3:08  Drone x4  
  41  3:13  Queen  
  41  3:16  Overlord  
  41  3:18  Drone  
  44  3:31  Queen  
  44  3:32  Zergling x6  
  49  3:36  Queen  
  49  3:38  Drone x2  
  53  3:42  Overlord  
  53  3:43  Drone x2  
  53  3:45  Drone  
  53  3:47  Drone  
  53  3:48  Drone  
  58  3:52  Overlord  
  58  4:02  Zergling x6  
  61  4:04  Drone x3  
  61  4:07  Spore Crawler  
  63  4:11  Queen  
  63  4:14  Drone x2  
  63  4:15  Drone x2  
  69  4:17  Overlord  
  69  4:20  Drone  
  65  4:24  Drone  
  65  4:25  Zergling x2  
  67  4:32  Zergling x2  
  67  4:34  Zergling x2  
  67  4:38  Zergling x2  
  67  4:39  Zergling x6  
  67  4:40  Evolution Chamber  
  67  4:42  Zergling x2  
  67  4:48  Drone x6  
  67  4:51  Drone  
  67  4:59  Roach Warren  
  55  5:12  Overlord  
  55  5:14  Extractor  
  50  5:27  Extractor  
  50  5:28  Overlord  
  49  5:39  Roach x5  
  49  5:40  Roach x2  
  65  5:43  Roach  
  65  5:50  Zergling x14  
  65  5:53  Zergling x4  
  65  5:54  Zergling x2  
  75  5:58  Zergling x2  
  75  5:59  Zergling x4  
  78  6:07  Ravager  
  78  6:08  Ravager  
  78  6:09  Overlord  
  78  6:11  Zergling x2  
  81  6:13  Zergling x4  
  81  6:15  Zergling x2  
  81  6:17  Ravager  
  86  6:18  Zergling x2  
  86  6:25  Zergling x8  
  88  6:28  Zergling x2  
  88  6:33  Zergling x2  
  88  6:35  Zergling x6  
  88  6:36  Zergling x6  
  88  6:42  Zergling x2  
  88  6:43  Zergling x4  
  88  6:44  Ravager x3  
  91  6:48  Zergling x2  
  91  6:51  Zergling x2  
  91  6:52  Zergling x2  
  91  6:54  Zergling x2  
  89  6:57  Ravager  

Tags
 
Add a new tag
Caveats
  • Supply blocks, unpowered buildings, or Contaminate may cause inaccurate times.
  • Supply counts are checked every 10 seconds.